 Dungeon Crawl Stone Soup version 0.29.1-15-g9cfb28693d (webtiles) character file.

Game seed: 15328774601131860656

6086 H0rd4k the Thaumaturge (level 10, 0/72 HPs)
             Began as an Octopode Artificer on Apr 3, 2023.
             Was an Initiate of Gozag.
             Slain by a yak (10 damage)
             ... on level 9 of the Dungeon.
             The game lasted 00:17:37 (13045 turns).

H0rd4k the Thaumaturge (Octopode Artificer)        Turns: 13045, Time: 00:17:38

Health: 0/72       AC:  5    Str: 12    XL:     10   Next: 88%
Magic:  23/23      EV: 13    Int: 17    God:    Gozag
Gold:   1533       SH:  0    Dex: 13    Spells: 25/27 levels left

rFire   . . .      SeeInvis .   q - +6 falchion (freeze)
rCold   . . .      Faith    .   (no shield)
rNeg    . . .      Spirit   .   (helmet restricted)
rPois   .          Reflect  .   H - amulet of magic regeneration
rElec   .          Harm     .   v - +4 ring of protection
rCorr   .          Rampage  .   c - +4 ring of slaying
Will    .....                   (no ring)
Stlth   +++.......              (no ring)
HPRegen 0.22/turn               (no ring)
MPRegen 0.58/turn               (no ring)
                                (no ring)
                                (no ring)

@: gold aura
A: almost no armour, amphibious, 8 rings, camouflage 1, gelatinous body 1,
(nimble swimmer 1), tentacles
a: Renounce Religion, Potion Petition, Call Merchant, Bribe Branch


You were on level 9 of the Dungeon.
You worshipped Gozag.
Gozag was most pleased with you.
You visited 1 branch of the dungeon, and saw 9 of its levels.

You collected 1808 gold pieces.
You spent 234 gold pieces at shops.
You paid 41 gold pieces to Gozag.

Inventory:

Hand Weapons
 q - a +6 falchion of freezing (weapon)
Missiles
 b - 22 poisoned darts (quivered)
 k - a throwing net
Magical Staves
 a - a staff of death
 m - a staff of fire
 o - a staff of earth
Jewellery
 c - a +4 ring of slaying (right tentacle)
 d - the ring of Tomorrow {Drain Fly rPois Int+6 Dex+3}
   (You acquired it on level 8 of the Dungeon)

   [ring of flight]

   Int:       It affects your intelligence (+6).
   Dex:       It affects your dexterity (+3).
   rPois:     It protects you from poison.
   Fly:       It grants you flight.
   Drain:     It drains your maximum health when unequipped.
 v - a +4 ring of protection (left tentacle)
 H - an amulet of magic regeneration (around mantle)
Wands
 x - a wand of digging (1)
Scrolls
 i - a scroll of immolation {unknown}
 j - 5 scrolls of teleportation
 n - 3 scrolls of magic mapping
 r - a scroll of noise {unknown}
Potions
 e - 4 potions of haste {unknown}
 f - a potion of lignification
 g - 3 potions of attraction
 h - 2 potions of magic
 l - 3 potions of curing
 p - a potion of ambrosia {unknown}
 s - a potion of invisibility
 t - 2 potions of flight
 w - a potion of cancellation
 A - a potion of resistance {unknown}
 E - 2 potions of degeneration {unknown}
 G - a potion of berserk rage {unknown}


   Skills:
 + Level 7.9 Fighting
 + Level 3.7 Long Blades
 + Level 4.1 Throwing
 - Level 2.3 Dodging
 - Level 1.3 Stealth
 - Level 7.2 Unarmed Combat
 * Level 9.1 Spellcasting
 - Level 2.5 Translocations
 - Level 3.2 Evocations


You had 25 spell levels left.
You knew the following spells:

 Your Spells              Type           Power      Damage    Failure   Level
a - Blink                 Tloc           32%        N/A       4%          2

Your spell library contained the following spells:

 Spells                   Type           Power      Damage    Failure   Level
 Freeze                   Ice            28%        1d5       10%         1
 Sandblast                Erth           14%        2d6       10%         1
 Passwall                 Tmut/Erth      5%         N/A       14%         2
 Static Discharge         Conj/Air       7%         3-4/arc   14%         2
 Frozen Ramparts          Ice            14%        1d3       28%         3
 Stone Arrow              Conj/Erth      14%        3d7       28%         3
 Hailstorm                Conj/Ice       7%         3d4       67%         4
 Ice Form                 Ice/Tmut       7%         N/A       67%         4
 Summon Ice Beast         Ice/Summ       7%         N/A       67%         4
 Manifold Assault         Tloc           16%        N/A       67%         5
 Lightning Bolt           Conj/Air       3%         1d15      95%         5
 Storm Form               Tmut/Air       3%         N/A       100%        7
 Maxwell's Capacitive Co  Air            3%         ∞         100%        8


Dungeon Overview and Level Annotations

Branches:
Dungeon (9/15)             Temple (0/1) D:5
   Lair: D:8-11         Orc: D:9-12

Altars:
Fedhas
Gozag
Makhleb
Qazlal
Vehumet
Xom

Shops:
D:1 !   D:7 (

Annotations:
D:5 exclusion: upstairs
D:6 exclusion: 2 downstairs
D:7 1 exclusion
D:8 Maurice, Psyche


Innate Abilities, Weirdness & Mutations

You cannot wear most types of armour.
You are amphibious.
You can wear up to eight rings at the same time.
Your skin changes colour to match your surroundings (Stealth+).
Your rubbery body absorbs attacks. (AC +1, EV +1)
((You are camouflaged when in or above water. (Stealth+)))
You have tentacles for arms and can constrict up to eight enemies at once.


Message History

There is a stone staircase leading up here.
The helpless yak fails to defend itself.
You slash the yak! You freeze the yak.
The yak is moderately wounded.
The yak bellows!
The yak gores you!
You hit the yak. You freeze the yak.
The yak is moderately wounded.
The yak closely misses you. The yak gores you but does no damage.
You hit the yak. You freeze the yak.
The yak is heavily wounded.
The yak closely misses you.
You slash the yak! You freeze the yak. You squeeze the yak.
The yak is almost dead.
The yak closely misses you. The yak completely misses you.
The yak barely misses you.
You closely miss the yak. You squeeze the yak.
You kill the yak!
The yak gores you but does no damage. The yak gores you.
You hit the yak but do no damage. You squeeze the yak!
The yak is moderately wounded.
The yak barely misses you. The yak gores you. The yak barely misses you.
The yak closely misses you.
You hit the yak. You freeze the yak.
The yak is moderately wounded.
The yak barely misses you. The yak gores you!
You slash the yak! You freeze the yak.
The yak is severely wounded.
The yak gores you!
* * * LOW HITPOINT WARNING * * *
The yak gores you!
* * * LOW HITPOINT WARNING * * *
You slash the yak! You freeze the yak.
You kill the yak!
The yak closely misses you.
You hit the yak. You freeze the yak.
The yak is lightly wounded.
The yak gores you!
You die...
Your body crumbles into a pile of gold.

...............
...............
...............
...............
...............
...............
.............#
......Y@.....#
.......$$......
...............
...............
...........####
...........#
...........#
...........#


You could see a yak.

Vanquished Creatures
  Pikel (D:6)
  An ugly thing (D:7)
  Joseph (D:8)
  A gargoyle (D:7)
  Sigmund (D:5)
  A wyvern (D:8)
  8 yaks
  An acid dragon (D:7)
  A water moccasin (D:7)
  A black bear (D:6)
  5 ice beasts
  An ogre (D:5)
  2 centaurs
  A phantom (D:7)
  2 kobold brigands (D:5)
  A gnoll sergeant (D:8)
  5 wights (D:7)
  3 necrophages
  3 scorpions
  6 killer bees (D:8)
  4 hounds
  4 jellies
  An orc priest (D:7)
  A gnoll bouda (D:5)
  An iguana (D:6)
  Terence (D:3)
  4 orc wizards
  A hound skeleton (D:2)
  5 adders
  15 gnolls
  A shadow imp (D:7)
  2 white imps
  An adder zombie (D:2)
  A worm (D:4)
  3 dart slugs
  5 orcs
  3 bat skeletons (D:2)
  A bat zombie (D:2)
  5 endoplasms
  4 giant cockroaches
  10 goblins
  6 hobgoblins
  2 jackals (D:4)
  46 kobolds
  10 quokkas
  7 ball pythons
  A ball python skeleton (D:2)
  7 bats
  5 frilled lizards
  A quokka zombie (D:2)
  5 rats
209 creatures vanquished.

Vanquished Creatures (collateral kills)
  A bullfrog (D:7)
  A howler monkey (D:7)
  A shadow imp (D:7)
  A white imp (D:7)
  3 orcs
7 creatures vanquished.

Vanquished Creatures (others)
  A water moccasin (D:7)
  An ogre (D:6)
  A centaur (D:7)
  A howler monkey (D:6)
  A gnoll bouda (D:7)
  2 hounds (D:6)
  An iguana (D:6)
  An orc wizard (D:6)
  A gnoll (D:6)
  2 adders (D:6)
  2 orcs
  3 plants (D:3)
  A withered plant (D:2)
18 creatures vanquished.

Grand Total: 234 creatures vanquished

Notes
Turn   | Place    | Note
-------+----------+-------------------------------------------
     0 | D:1      | H0rd4k the Octopode Artificer began the quest for the Orb.
     0 | D:1      | Reached XP level 1. HP: 13/13 MP: 1/1
   139 | D:1      | Found Luud Cos's Distillery.
   304 | D:1      | Reached XP level 2. HP: 18/18 MP: 1/3
   513 | D:1      | Reached skill level 1 in Spellcasting
   830 | D:1      | Reached XP level 3. HP: 24/24 MP: 4/4
  1588 | D:2      | Reached skill level 1 in Unarmed Combat
  1699 | D:2      | Reached XP level 4. HP: 17/30 MP: 6/6
  1825 | D:2      | You fall into a shaft and drop 1 floor!
  1837 | D:3      | Found an opulent altar of Gozag.
  1874 | D:3      | Became a worshipper of Gozag Ym Sagoz the Greedy
  2043 | D:3      | Found a faded altar of an unknown god.
  2078 | D:3      | HP: 1/30 [something (2)]
  3243 | D:3      | Noticed Terence
  3251 | D:3      | Killed Terence
  3252 | D:3      | Reached skill level 2 in Spellcasting
  3252 | D:3      | Reached XP level 5. HP: 35/35 MP: 6/8
  3929 | D:4      | Noticed a steam dragon
  4021 | D:4      | Reached XP level 6. HP: 36/42 MP: 9/9
  4423 | D:5      | Entered Level 5 of the Dungeon
  4687 | D:5      | Reached XP level 7. HP: 35/47 MP: 11/11
  4811 | D:5      | Noticed Sigmund
  4814 | D:5      | Killed Sigmund
  4815 | D:5      | Reached skill level 5 in Unarmed Combat
  4815 | D:5      | Reached skill level 3 in Spellcasting
  5589 | D:5      | Reached XP level 8. HP: 52/54 MP: 13/13
  5941 | D:5      | Found a staircase to the Ecumenical Temple.
  6383 | D:6      | Reached skill level 4 in Spellcasting
  6602 | D:1      | Bought 2 potions of heal wounds for 130 gold pieces
  6602 | D:1      | Bought 2 potions of might for 104 gold pieces
  6998 | D:6      | Found a faded altar of an unknown god.
  6998 | D:6      | Found a radiant altar of Vehumet.
  7070 | D:6      | Found a blossoming altar of Fedhas.
  7072 | D:6      | Found a faded altar of an unknown god.
  7074 | D:6      | Found a burning altar of Makhleb.
  7173 | D:6      | Found a shimmering altar of Xom.
  7411 | D:6      | Noticed Pikel
  7449 | D:6      | Killed Pikel
  7450 | D:6      | Reached skill level 5 in Fighting
  7450 | D:6      | Reached skill level 6 in Spellcasting
  7450 | D:6      | Reached XP level 9. HP: 21/61 MP: 14/18
  7873 | D:6      | Found a stormy altar of Qazlal.
  8379 | D:7      | Reached skill level 7 in Spellcasting
  8380 | D:7      | Noticed a red ugly thing
  9114 | D:7      | Noticed a gargoyle
  9124 | D:7      | Noticed a two-headed ogre
  9666 | D:7      | Reached skill level 1 in Throwing
 10006 | D:7      | Reached skill level 8 in Spellcasting
 10221 | D:7      | Killed a gargoyle
 10222 | D:7      | Reached XP level 10. HP: 50/69 MP: 22/22
 10368 | D:7      | Killed a red ugly thing
 10620 | D:7      | Found Boewn's Weapon Shop.
 11289 | D:8      | Learned a level 2 spell: Blink
 11789 | D:8      | Reached skill level 1 in Translocations
 12117 | D:8      | Noticed Joseph
 12122 | D:8      | Killed Joseph
 12123 | D:8      | Reached skill level 1 in Long Blades
 12261 | D:8      | Noticed Maurice
 12561 | D:8      | Identified a scroll of acquirement
 12561 | D:8      | Acquired the ring of Tomorrow {Drain Fly rPois Int+6 Dex+3}
 12808 | D:8      | Noticed Psyche
 12903 | D:8      | Reached skill level 9 in Spellcasting
 13045 | D:9      | Slain by a yak

Illustrated notes

Levels and vault maps discovered:
D:1:      minmay_arrival_checkered_box, layout_loops_ring, serial_shops,
          nicolae_shop_hallway_plus, hangedman_decor_clover_reticule,
          hangedman_glass_teeth, minmay_pentomino_o4
D:2:      layout_basic, serial_undead, serial_undead_c, serial_undead_d,
          serial_undead_a, serial_undead_f, serial_undead_a, serial_undead_e
D:3:      cheibrodos_old_hovel, layout_basic, nicolae_gozag_seed_capital,
          ebering_ecumenical_altar_sacrificial, uniq_terence
D:4:      layout_basic, corexii_corridor_pit
D:5:      minmay_goblin_kobold_castle, layout_cave_pools,
          minmay_temple_entry_large_hall, feat_on_display, uniq_sigmund
D:6:      layout_basic, xom_confusion_cloud,
          chequers_temple_overflow_minitemple, old_standard_altar, uniq_pikel
D:7:      cheibrodos_fzero, layout_basic, serial_shops, shop, kennysheep_diamond
D:8:      layout_basic, ebering_ghost_rock_garden, uniq_maurice, uniq_psyche,
          uniq_joseph
D:9:      layout_stronghold, orc_0_dummy

Skill      XL: |  1  2  3  4  5  6  7  8  9 10 |
---------------+-------------------------------+-----
Spellcasting   | 1 2 3 6 8 9 |  9.1
Fighting       | 2 3 4 5 6 7 |  7.9
Unarmed Combat | 1 2 3 4 6 7 |  7.2
Throwing       | 2 4 |  4.1
Translocations | 2 |  2.5
Long Blades    | 3 |  3.7
Dodging        | |  2.3
Stealth        | |  1.3
Evocations     | |  3.2

Action                   |  1- 3 |  4- 6 |  7- 9 | 10-12 || total
-------------------------+-------+-------+-------+-------++-------
Melee: Unarmed           |    91 |   145 |   268 |    30 ||   534
       Tentacles         |    20 |    41 |    72 |    26 ||   159
       Constrict         |    21 |    40 |    59 |    11 ||   131
       Punch             |     2 |     6 |    22 |     8 ||    38
       Falchion          |       |       |       |    85 ||    85
Throw: Dart              |       |       |    15 |     9 ||    24
Evoke: Wand              |       |    16 |    19 |       ||    35
  Use: Scroll            |       |     5 |     8 |     6 ||    19
       Potion            |       |       |     3 |    10 ||    13
 Stab: Sleeping          |     5 |    13 |     2 |     3 ||    23
       Distracted        |       |     1 |     1 |     1 ||     3
       Invisible         |       |       |       |     1 ||     1
Armor: Skin              |    10 |    19 |    46 |    38 ||   113
Dodge: Dodged            |    65 |    92 |   147 |    79 ||   383
